[Event "Titled Tuesday Blitz March 07 Early 2023"]
[White "Staudenhocker43"]
[Black "Lorenzo De La Riva, Lazaro"]
[BlackFideId "2268809"]
[WhiteElo "2429"]
[BlackElo "2294"]
[Result "1-0"]
[Round "06"]
[TimeControl "180+2"]
[Date "2023.03.07"]
[WhiteClock "0:00:20"]
[BlackClock "0:00:07"]

1. d4 d6 2. e4 Nd7 3. f4 e5 4. Nf3 Ngf6 5. Nc3 exd4 6. Qxd4 c6 7. Bd2 Qb6 8. O-O-O Qxd4 9. Nxd4 g6 10. Be2 Bg7 11. Be3 O-O 12. Bf3 Re8 13. Nb3 Bf8 14. Rhe1 a5 15. a4 h5 16. h3 h4 17. Nd2 Bh6 18. Nc4 d5 19. exd5 cxd5 20. Nxd5 Nxd5 21. Bxd5 Nf6 22. Bf3 Bf5 23. Ne5 Re7 24. b3 Rc8 25. c4 Ne4 26. Kb2 Nc5 27. Bxc5 Rxc5 28. Ng4 Bg7+ 29. Ka3 Rxe1 30. Rxe1 Bc3 31. Re8+ Kg7 32. Bxb7 Rc7 33. Bd5 Bd2 34. Ne3 Bd7 35. Re7 Bb4+ 36. Ka2 Bxe7 37. Bf3 Be6 38. Kb2 Bf6+ 39. Kc2 Bf5+ 40. Kd2 Be6 41. Kd3 Rd7+ 42. Bd5 g5 43. f5 Bxd5 44. Nxd5 Be7 45. Kd4 Bd6 46. c5 Bg3 47. c6 Rd8 48. Kc5 Rxd5+ 49. Kxd5 Kf6 50. Kc5 Bc7 51. b4 axb4 52. Kxb4 Kxf5 53. a5 Ke6 54. Kb5 Kd6 55. a6 Bb8 56. Kb6 f5 57. Kb7 g4 58. c7 Bxc7 59. a7 gxh3 60. gxh3 Ke6 61. a8=Q Be5 62. Qc8+ Kd5 63. Qxf5 Kd4 64. Qg4+ 1-0


[Site "https://www.chess.com"]

[Event "Titled Tuesday Blitz March 07 Early 2023"]
[White "Ardila, Oscar Humberto"]
[Black "Fikiet, Alex"]
[WhiteFideId "4404742"]
[BlackFideId "2052717"]
[WhiteElo "1911"]
[BlackElo "2429"]
[Result "0-1"]
[Round "06"]
[TimeControl "180+2"]
[Date "2023.03.07"]
[WhiteClock "0:00:03"]
[BlackClock "0:00:11"]

1. d4 d5 2. Nf3 e6 3. g3 a6 4. Bg2 c5 5. c3 Nc6 6. O-O b5 7. Bg5 Qb6 8. dxc5 Bxc5 9. Nbd2 Nge7 10. Nb3 Bd6 11. Be3 Qc7 12. a4 b4 13. cxb4 Nxb4 14. Rc1 Qd7 15. Nc5 Qd8 16. Qd2 a5 17. Nd4 O-O 18. Nb5 Be5 19. Bd4 Bxd4 20. Qxd4 Nec6 21. Qd2 Na7 22. Nd4 Qf6 23. e4 e5 24. Ne2 d4 25. f4 Rd8 26. fxe5 Qxe5 27. Qf4 Qxf4 28. Nxf4 Nac6 29. e5 Rb8 30. e6 fxe6 31. Nfxe6 Re8 32. Nc7 Re7 33. Nd5 Re2 34. Rce1 Bg4 35. Nxb4 Nxb4 36. Rxe2 Bxe2 37. Rf4 d3 38. Kf2 Re8 39. Rd4 Nc2 40. Rd7 Rf8+ 41. Kg1 Re8 42. Nxd3 Ne3 43. Nf4 Nxg2 44. Kxg2 Ba6 45. Kh3 Bc8 46. Kg2 Bxd7 0-1


[Site "https://www.chess.com"]

[Event "Titled Tuesday Blitz March 07 Early 2023"]
[White "Dodaro, Mattia"]
[Black "Larina, Maria"]
[WhiteFideId "28583400"]
[BlackFideId "24113182"]
[WhiteElo "2423"]
[BlackElo "1848"]
[Result "0-1"]
[Round "06"]
[TimeControl "180+2"]
[Date "2023.03.07"]
[WhiteClock "0:00:18"]
[BlackClock "0:00:13"]

1. f3 d5 2. Kf2 e5 3. e3 f5 4. g3 Nf6 5. Ne2 e4 6. Bg2 exf3 7. Bxf3 Ne4+ 8. Bxe4 fxe4 9. Rf1 Bh3 10. Nbc3 Bxf1 11. Kxf1 Be7 12. d3 O-O+ 13. Kg1 exd3 14. Qxd3 c6 15. Nf4 Qd6 16. Bd2 Nd7 17. Rd1 Ne5 18. Qe2 Nc4 19. Bc1 Qe5 20. Ncxd5 cxd5 21. Rxd5 Qc7 22. Ne6 Qc6 23. Qg4 Rf7 24. e4 Bf8 25. b3 Nb6 26. Rg5 Re8 27. Nf4 Qxe4 28. Bb2 Qe3+ 29. Kg2 Qd2+ 30. Kh3 Qd7 31. Qxd7 Nxd7 32. Nh5 Ree7 33. Rg4 Kh8 34. Nf4 Ne5 35. Rg5 Nf3 36. Rb5 h6 37. Kg2 Kh7 38. h4 Ne5 39. Bxe5 Rd7 40. Bb2 Bd6 41. Kh3 Bxf4 42. gxf4 Rxf4 43. Bc1 Rf3+ 44. Kg2 Rf6 45. Re5 Rg6+ 46. Kf3 Rd1 47. Ke2 Rgg1 48. Re7 Rxc1 49. Kf3 Rgf1+ 50. Kg2 Rg1+ 51. Kf2 Rcf1+ 52. Ke2 Re1+ 53. Kd2 Rxe7 54. c4 Rg2+ 55. Kc3 Re3+ 56. Kb4 Ree2 57. c5 Rxa2 58. Kb5 Rac2 59. h5 a6+ 60. Kb6 a5 61. b4 axb4 62. Kb5 Rxc5+ 63. Kxc5 b3 64. Kc4 b2 65. Kb5 b1=Q+ 66. Kc5 Qd3 67. Kb6 Rc2 68. Ka7 Qb3 69. Kb8 Qd5 70. Ka7 b5 71. Kb6 b4 72. Ka6 b3 73. Ka7 b2 74. Ka6 b1=Q 75. Ka7 Ra2# 0-1


[Site "https://www.chess.com"]

[Event "Titled Tuesday Blitz March 07 Early 2023"]
[White "Vanek, Tomas"]
[Black "Zherebtsova, Alexandra"]
[WhiteFideId "313459"]
[BlackFideId "24129518"]
[WhiteElo "2052"]
[BlackElo "2055"]
[Result "0-1"]
[Round "06"]
[TimeControl "180+2"]
[Date "2023.03.07"]
[WhiteClock "0:00:03"]
[BlackClock "0:00:08"]

1. d4 Nf6 2. Bg5 d5 3. f3 Bf5 4. e3 h6 5. Bh4 Nbd7 6. Bd3 Bxd3 7. Qxd3 e6 8. e4 Be7 9. Nd2 c5 10. c3 Qb6 11. O-O-O O-O-O 12. e5 Ng8 13. Bg3 Kb8 14. h4 h5 15. Nh3 Nh6 16. Ng5 Bxg5 17. hxg5 Nf5 18. Bf2 cxd4 19. Nb3 Rc8 20. Nxd4 Nxd4 21. Bxd4 Qa5 22. Kb1 Rc4 23. b3 Rc6 24. g6 fxg6 25. Qxg6 Ra6 26. Rd2 Rc8 27. Qxg7 Nc5 28. Bxc5 Qxc5 29. Rc2 Qe3 30. Rhc1 Rb6 31. Qd7 a5 32. Qa4 Rc5 33. Qd4 Qxd4 34. cxd4 Rxc2 35. Rxc2 Rb4 36. Rd2 Kc7 37. Kb2 Kd7 38. g4 hxg4 39. fxg4 Ke7 40. Kc3 Kf7 41. Kd3 Rb6 42. Rf2+ Kg7 43. Rf6 Kg8 44. g5 Kg7 45. Kc3 Rc6+ 46. Kb2 b5 47. a3 b4 48. axb4 axb4 49. Kb1 Rb6 50. Kc2 Rc6+ 51. Kb2 Rb6 52. g6 Rc6 53. Rf7+ Kxg6 54. Rb7 Kf5 55. Rxb4 Ke4 56. Ra4 Kd3 57. b4 Rb6 58. Kb3 Kxd4 59. Ra1 Kxe5 60. Ka4 Kd6 61. Rc1 e5 62. Ka5 Rb8 63. b5 e4 64. b6 Ke5 65. Kb5 d4 66. Kc6 Rc8+ 67. Kd7 Rxc1 68. b7 Rb1 69. Kc6 e3 70. b8=Q+ Rxb8 0-1


[Site "https://www.chess.com"]

[Event "Titled Tuesday Blitz March 07 Early 2023"]
[White "Lewtak, Damian"]
[Black "Valgmae, Toomas"]
[WhiteFideId "1141724"]
[BlackFideId "4502523"]
[WhiteElo "2302"]
[BlackElo "2170"]
[Result "1-0"]
[Round "06"]
[TimeControl "180+2"]
[Date "2023.03.07"]
[WhiteClock "0:01:05"]
[BlackClock "0:00:08"]

1. d4 d5 2. Nf3 Nf6 3. Bf4 c6 4. e3 Qb6 5. Qc1 Bg4 6. Nbd2 e6 7. Be2 c5 8. O-O Bd6 9. dxc5 Bxc5 10. c4 O-O 11. a3 Bd6 12. Bxd6 Qxd6 13. b4 Nc6 14. Rd1 Rfd8 15. cxd5 Nxd5 16. Qb2 Rac8 17. h3 Bh5 18. Ne4 Qe7 19. Rac1 h6 20. Nc5 Bg6 21. Bb5 b6 22. Nb3 Qb7 23. Qe2 Qa8 24. Ba6 Rc7 25. Ne5 Nde7 26. Nxg6 Nxg6 27. b5 Qc8 28. Bxc8 1-0


[Site "https://www.chess.com"]

[Event "Titled Tuesday Blitz March 07 Early 2023"]
[White "Vifleemskaia, Svetlana"]
[Black "Kalajzic, Ivan"]
[WhiteFideId "4129490"]
[BlackFideId "14506378"]
[WhiteElo "1930"]
[BlackElo "2203"]
[Result "0-1"]
[Round "06"]
[TimeControl "180+2"]
[Date "2023.03.07"]
[WhiteClock "0:00:01"]
[BlackClock "0:00:42"]

1. d4 Nc6 2. Nc3 e5 3. d5 Nce7 4. e4 Ng6 5. g3 Nf6 6. Bg2 Bc5 7. Nge2 d6 8. O-O a6 9. Bg5 h6 10. Be3 Bxe3 11. fxe3 Ng4 12. Qd3 Qg5 13. Rf3 O-O 14. h3 Nf6 15. Raf1 h5 16. Kh2 Bd7 17. Nd1 Qh6 18. Kg1 Nh7 19. c4 Ng5 20. Rf5 Ne7 21. h4 Nh7 22. R5f2 Nf6 23. Bf3 Ng4 24. Bxg4 Bxg4 25. Kh2 b6 26. Re1 a5 27. b3 f6 28. Rff1 Qg6 29. Nf2 Bd7 30. Nc3 Kh8 31. Qe2 Ng8 32. a3 Nh6 33. Qf3 Ng4+ 34. Nxg4 Bxg4 35. Qf2 Rf7 36. Qg2 Raf8 37. b4 axb4 38. axb4 f5 39. exf5 Bxf5 40. e4 Bd7 41. Rxf7 Qxf7 42. Kg1 Qf3 43. Qxf3 Rxf3 44. Ne2 Bg4 45. Ra1 Re3 46. Nc1 Rxe4 47. c5 bxc5 48. bxc5 dxc5 49. Ra8+ Kh7 50. Kf2 Rd4 51. Nb3 Rxd5 52. Ra7 c4 0-1


[Site "https://www.chess.com"]

[Event "Titled Tuesday Blitz March 07 Early 2023"]
[White "Ljukin, Sergei"]
[Black "Fernandez Siles, Luis"]
[WhiteFideId "14102200"]
[BlackFideId "2209420"]
[WhiteElo "2312"]
[BlackElo "2186"]
[Result "1-0"]
[Round "06"]
[TimeControl "180+2"]
[Date "2023.03.07"]
[WhiteClock "0:00:08"]
[BlackClock "0:00:11"]

1. e4 c5 2. Nf3 Nc6 3. d4 cxd4 4. Nxd4 Nf6 5. Nc3 e5 6. Ndb5 d6 7. Nd5 Nxd5 8. exd5 Nb8 9. a4 Be7 10. Be2 O-O 11. O-O f5 12. f4 Nd7 13. Be3 a6 14. Na3 exf4 15. Rxf4 Bg5 16. Rf3 Bxe3+ 17. Rxe3 Ne5 18. Qd4 f4 19. Rc3 Bd7 20. Nc4 Qf6 21. Rd1 Rae8 22. Nb6 Qg5 23. Nxd7 Nxd7 24. Bf3 Ne5 25. Rf1 Qf6 26. Qb4 g5 27. Qxb7 g4 28. Be4 Re7 29. Rc7 Rff7 30. Rxe7 Rxe7 31. Qc8+ Kg7 32. Qf5 Qxf5 33. Bxf5 f3 34. gxf3 Nxf3+ 35. Kf2 Nd4 36. Bd3 h5 37. Kg3 Re3+ 38. Kg2 Nf3 39. Rf2 Nh4+ 40. Kf1 Ng6 41. Bxa6 h4 42. Bd3 g3 43. hxg3 hxg3 44. Re2 Rf3+ 45. Kg2 Nf4+ 46. Kxf3 Nxe2 47. Kxe2 1-0


[Site "https://www.chess.com"]

[Event "Titled Tuesday Blitz March 07 Early 2023"]
[White "Liu, Yi"]
[Black "Kostiukov, Alexandr"]
[WhiteFideId "3210588"]
[BlackFideId "14108100"]
[WhiteElo "2264"]
[BlackElo "2202"]
[Result "0-1"]
[Round "06"]
[TimeControl "180+2"]
[Date "2023.03.07"]
[WhiteClock "0:00:06"]
[BlackClock "0:00:06"]

1. e4 c5 2. Nf3 g6 3. d4 cxd4 4. Nxd4 Bg7 5. c4 Nc6 6. Be3 Nf6 7. Nc3 O-O 8. Be2 Nxd4 9. Bxd4 Qa5 10. O-O d6 11. a3 Be6 12. b4 Qd8 13. f4 Qc8 14. Qd3 Bd7 15. e5 dxe5 16. Bxe5 Bf5 17. Qe3 Rd8 18. Rfd1 Qe6 19. Qf2 h5 20. h3 a6 21. Bc7 Rxd1+ 22. Rxd1 Ne8 23. Nd5 Be4 24. Bb6 Nd6 25. Bc5 Re8 26. Nc7 Qd7 27. Nxe8 Qxe8 28. Bxd6 exd6 29. Rxd6 Bf5 30. Bd3 Be6 31. c5 Qa4 32. Qd2 Qxa3 33. Rd8+ Kh7 34. Kh2 Qa1 35. Be4 Bh6 36. Bxb7 Qf6 37. Qd4 Bxf4+ 38. Kg1 Be5 39. Qd3 Bf5 40. Be4 Be6 41. Bd5 Bf5 42. Be4 Bxe4 43. Qxe4 Qxd8 44. Kf1 Qd4 45. Qxd4 Bxd4 46. Ke2 Bc3 47. c6 Be5 48. Kd3 Kg7 49. Kc4 Kf6 50. Kc5 Ke7 51. Kb6 Kd8 52. Kxa6 Kc7 53. b5 Bd4 54. Ka5 f5 55. Kb4 g5 56. Kc4 Bf2 57. Kd3 Bg3 58. Kc4 Kb6 59. Kb4 g4 60. Kc4 gxh3 61. gxh3 f4 62. Kd3 f3 63. Ke3 f2 64. Ke2 h4 65. Kf1 Kc7 66. Ke2 Kb6 67. Kf1 Kxb5 68. Ke2 Kxc6 69. Kf1 Kd5 70. Ke2 Ke4 71. Kf1 Ke3 72. Kg2 Ke2 73. Kh1 f1=Q# 0-1


[Site "https://www.chess.com"]

[Event "Titled Tuesday Blitz March 07 Early 2023"]
[White "Zampronha, Wladimir Camilo"]
[Black "Rottenwohrer Suarez, Juan"]
[WhiteFideId "2103087"]
[BlackFideId "32068182"]
[WhiteElo "2176"]
[BlackElo "2174"]
[Result "1/2-1/2"]
[Round "06"]
[TimeControl "180+2"]
[Date "2023.03.07"]
[WhiteClock "0:00:27"]
[BlackClock "0:00:03"]

1. e4 c5 2. Nf3 g6 3. d4 cxd4 4. Nxd4 Nc6 5. Nc3 Bg7 6. Be3 Nf6 7. Bc4 O-O 8. Bb3 d5 9. exd5 Na5 10. Nde2 a6 11. O-O b5 12. Bd4 Bb7 13. Qd2 Nxb3 14. axb3 Nxd5 15. Bxg7 Kxg7 16. Nxd5 Qxd5 17. Qxd5 Bxd5 18. Rfd1 Be4 19. c3 Ra7 20. b4 Rfa8 21. Rd4 Bc6 22. Ra5 e5 23. Rd6 Rd7 24. Rxd7 Bxd7 25. f3 f5 26. Kf2 Kf6 27. Nc1 Ke6 28. Nd3 Kd6 29. Nc5 Bc8 30. Ra1 Kc6 31. Re1 a5 32. Rxe5 axb4 33. cxb4 Ra2 34. Re2 Kd5 35. Kg3 g5 36. h4 f4+ 37. Kh2 h6 38. Re8 Bf5 39. Rh8 gxh4 40. Rxh6 Rxb2 41. Rxh4 Rxb4 42. Ne4 Bxe4 43. Rxf4 Rd4 44. fxe4+ Rxe4 45. Rf1 b4 46. Kh3 Kc4 47. g4 b3 48. Kh4 b2 49. Kh5 Kb3 50. g5 Rc4 51. Rb1 Rc1 52. Rxb2+ Kxb2 53. g6 Rg1 54. Kh6 Kc3 55. Kh7 Kd4 56. g7 Ke5 57. g8=Q Rxg8 58. Kxg8 1/2-1/2


[Site "https://www.chess.com"]

[Event "Titled Tuesday Blitz March 07 Early 2023"]
[White "Mazurkiewicz, Michal"]
[Black "Mikhaylova, Irina"]
[WhiteFideId "1124943"]
[BlackFideId "4109040"]
[WhiteElo "2054"]
[BlackElo "1966"]
[Result "1-0"]
[Round "06"]
[TimeControl "180+2"]
[Date "2023.03.07"]
[WhiteClock "0:00:14"]
[BlackClock "0:00:26"]

1. e4 c5 2. Nf3 Nc6 3. g3 g6 4. Bg2 Bg7 5. O-O d6 6. d3 e5 7. Nc3 Nge7 8. Nd2 O-O 9. Nc4 Be6 10. Nd5 Bxd5 11. exd5 Na5 12. Ne3 b5 13. c3 Rc8 14. a4 b4 15. cxb4 cxb4 16. Bd2 Qb6 17. Qe1 Rb8 18. Rc1 Rfc8 19. Qe2 Nb3 20. Rc4 Nd4 21. Qd1 a5 22. Rxc8+ Rxc8 23. Nc4 Qc7 24. Be3 Nef5 25. g4 Nh4 26. Bxd4 exd4 27. Re1 Nxg2 28. Kxg2 Bf6 29. Qf3 Kg7 30. Qg3 h6 31. Nxd6 g5 32. Nxc8 Qxc8 33. Qf3 Qc2 34. Re2 Qxa4 35. d6 Qd7 36. Qg3 a4 37. h3 a3 38. bxa3 bxa3 39. Ra2 Qa4 40. Qf3 Qb3 41. Qe2 Qd5+ 42. f3 Qxd6 43. Qe4 Qb4 44. Qa8 Qb1 45. Qxa3 Qe1 46. Qb2 Qe3 47. Qe2 Qf4 48. Ra6 Be5 49. Kf1 Qg3 50. Qf2 Qf4 51. Rc6 f6 52. Rb6 Kg6 53. Qe2 h5 54. Qe4+ Qxe4 55. fxe4 hxg4 56. hxg4 Bf4 57. Rc6 Be5 58. Kg2 Kf7 59. Kf3 Ke7 60. Ra6 Kd7 61. Ke2 Kc7 62. Kd1 Kb7 63. Re6 Kc7 64. Kc2 Kd7 65. Ra6 Ke7 66. Kb3 Kf7 67. Kc4 Kg6 68. Kd5 Kf7 69. Ra7+ Kg6 70. Ke6 Bf4 71. Ra8 Be5 72. Rg8+ Kh7 73. Kf7 Bf4 74. Rg6 Be5 75. Rxf6 Bxf6 76. Kxf6 Kh6 77. e5 Kh7 78. e6 Kg8 79. e7 1-0


[Site "https://www.chess.com"]

[Event "Titled Tuesday Blitz March 07 Early 2023"]
[White "Heinemann, Josefine"]
[Black "Qashashvili, Alexandre"]
[WhiteFideId "12900460"]
[BlackFideId "13600842"]
[WhiteElo "2342"]
[BlackElo "2405"]
[Result "1-0"]
[Round "06"]
[TimeControl "180+2"]
[Date "2023.03.07"]
[WhiteClock "0:01:27"]
[BlackClock "0:01:42"]

1. e4 c6 2. Nf3 d5 3. d3 dxe4 4. dxe4 Qxd1+ 5. Kxd1 Bg4 6. Be2 e6 7. Ne1 Bxe2+ 8. Kxe2 Nd7 9. Be3 Bc5 10. f3 Bxe3 11. Kxe3 Ngf6 12. Nd3 O-O-O 13. Nd2 Kc7 14. a4 h6 15. a5 a6 16. Rhd1 g5 17. c3 Nh5 18. g3 Ng7 19. Nc4 f5 20. Nce5 Nxe5 21. Nxe5 fxe4 22. Kxe4 Nf5 23. Nf7 Nd6+ 24. Rxd6 Rxd6 25. Nxh8 Rd2 26. b4 Rxh2 27. Nf7 Kd7 28. Rd1+ Ke7 29. Ne5 h5 30. Rd7+ Ke8 31. Rxb7 h4 32. gxh4 gxh4 33. Nxc6 h3 34. Kf4 Rc2 35. Ne5 h2 36. Rh7 Kf8 37. Kg3 Rxc3 38. Rxh2 Re3 39. Nd7+ Ke7 40. Nc5 Ra3 41. Nxa6 Rb3 42. Rc2 Kd6 43. Rc4 e5 44. Kg4 Kd5 45. Re4 Ke6 46. Nc5+ 1-0


[Site "https://www.chess.com"]

[Event "Titled Tuesday Blitz March 07 Early 2023"]
[White "Bove, Alessandro"]
[Black "Dinu, Dumitru-Daniel"]
[WhiteFideId "814121"]
[BlackFideId "1208403"]
[WhiteElo "2387"]
[BlackElo "2240"]
[Result "0-1"]
[Round "06"]
[TimeControl "180+2"]
[Date "2023.03.07"]
[WhiteClock "0:01:23"]
[BlackClock "0:00:11"]

1. d4 Nf6 2. Nf3 e6 3. Bg5 h6 4. Bf4 d5 5. e3 c5 6. c3 Nc6 7. Bd3 Bd6 8. Bxd6 Qxd6 9. Qe2 e5 10. dxe5 Nxe5 11. Nxe5 Qxe5 12. Nd2 O-O 13. O-O-O a6 14. f3 b5 15. h4 Rb8 16. g4 b4 17. c4 d4 18. e4 Qf4 19. g5 Nh5 20. Kc2 Kh8 21. gxh6 Qxh6 22. Rdg1 Be6 23. Rg5 f6 24. Rd5 Bxd5 25. exd5 Ng3 26. Qh2 Nxh1 27. Qxh1 Rfe8 28. Qh2 a5 29. Qc7 a4 30. d6 b3+ 31. axb3 axb3+ 32. Nxb3 Qf4 33. Qxc5 Qh2+ 34. Nd2 Rxb2+ 35. Kxb2 Qxd2+ 36. Bc2 Qc3+ 37. Ka2 Ra8+ 38. Qa7 Rxa7+ 0-1


[Site "https://www.chess.com"]

[Event "Titled Tuesday Blitz March 07 Early 2023"]
[White "Matutururu, Maxman"]
[Black "Zaksaite, Salomeja"]
[WhiteFideId "11004487"]
[BlackFideId "12801496"]
[WhiteElo "2399"]
[BlackElo "2059"]
[Result "1-0"]
[Round "06"]
[TimeControl "180+2"]
[Date "2023.03.07"]
[WhiteClock "0:00:35"]
[BlackClock "0:00:03"]

1. d4 Nf6 2. c4 g6 3. Nf3 Bg7 4. g3 d6 5. Bg2 O-O 6. O-O Nc6 7. Nc3 e5 8. dxe5 dxe5 9. Bg5 h6 10. Qxd8 Rxd8 11. Bxf6 Bxf6 12. Nd5 Kg7 13. Nxc7 Rb8 14. Nd5 e4 15. Nd2 e3 16. fxe3 Bxb2 17. Rab1 Be5 18. Nf3 Bf5 19. Nxe5 Nxe5 20. Rbc1 Be6 21. Rfd1 Rbc8 22. c5 b6 23. cxb6 Rxc1 24. Rxc1 Bxd5 25. Rd1 axb6 26. Rxd5 Rxd5 27. Bxd5 Kf6 28. h3 Ke7 29. Kf2 Kd6 30. e4 Kc5 31. Ke3 f6 32. Kf4 Kd4 33. g4 b5 34. h4 b4 35. h5 gxh5 36. gxh5 Kc3 37. Kf5 1-0


[Site "https://www.chess.com"]

[Event "Titled Tuesday Blitz March 07 Early 2023"]
[White "Pein, Jonathan"]
[Black "Ciuffoletti, Paolo"]
[WhiteFideId "417092"]
[BlackFideId "807630"]
[WhiteElo "2151"]
[BlackElo "2143"]
[Result "1-0"]
[Round "06"]
[TimeControl "180+2"]
[Date "2023.03.07"]
[WhiteClock "0:00:46"]
[BlackClock "0:00:05"]

1. b3 g6 2. Bb2 Nf6 3. Bxf6 exf6 4. c4 Bg7 5. Nc3 O-O 6. g3 f5 7. Bg2 c6 8. e3 Re8 9. Nge2 d6 10. O-O Nd7 11. Rc1 Nf6 12. d4 Qa5 13. h4 Ne4 14. Qc2 Nxc3 15. Nxc3 Bd7 16. Rfd1 Qb4 17. Qb2 a5 18. a3 Qb6 19. Na4 Qa6 20. c5 d5 21. Bf1 Qa7 22. Nb6 Rad8 23. b4 axb4 24. axb4 Qb8 25. Ra1 h6 26. Ra7 Qxa7 27. Ra1 Qb8 28. Kg2 Qc7 29. Ra7 Rb8 30. Bd3 g5 31. hxg5 hxg5 32. Qe2 f4 33. gxf4 gxf4 34. Qh5 fxe3 35. Qh7+ Kf8 36. Ra1 Qf4 37. Nxd7+ Ke7 38. fxe3 Qxe3 39. Nxb8 Qd2+ 40. Kf3 Qg5 41. Re1+ Kd8 42. Rxe8+ Kxe8 43. Qf5 Qxf5+ 44. Bxf5 Ke7 45. Ke3 Kf6 46. Bc8 1-0


[Site "https://www.chess.com"]

[Event "Titled Tuesday Blitz March 07 Early 2023"]
[White "Ruge, Edison"]
[Black "Sarkar, Justin"]
[WhiteFideId "4401000"]
[BlackFideId "2010011"]
[WhiteElo "2175"]
[BlackElo "2189"]
[Result "1-0"]
[Round "06"]
[TimeControl "180+2"]
[Date "2023.03.07"]
[WhiteClock "0:00:59"]
[BlackClock "0:00:01"]

1. e4 e5 2. Nf3 Nc6 3. Bb5 a6 4. Ba4 Nf6 5. Qe2 Bc5 6. O-O O-O 7. Bxc6 dxc6 8. h3 Re8 9. d3 Nd7 10. Be3 Bd6 11. Nh2 Nf8 12. Nd2 Ne6 13. c3 c5 14. Rad1 Nf4 15. Bxf4 exf4 16. Qh5 Qf6 17. Nc4 Bf8 18. e5 Qf5 19. Qf3 Rb8 20. d4 cxd4 21. cxd4 Qc2 22. Qc3 Qxc3 23. bxc3 c5 24. d5 b5 25. Na5 Bd7 26. Nf3 g5 27. Rfe1 h6 28. Nb3 c4 29. Nbd4 Bc5 30. h4 Rbd8 31. hxg5 hxg5 32. Nxg5 Bg4 33. Rd2 1-0


[Site "https://www.chess.com"]

[Event "Titled Tuesday Blitz March 07 Early 2023"]
[White "Michalski, Olaf"]
[Black "Tarasova, Viktoriya"]
[WhiteFideId "1106740"]
[BlackFideId "4175840"]
[WhiteElo "2173"]
[BlackElo "2182"]
[Result "0-1"]
[Round "06"]
[TimeControl "180+2"]
[Date "2023.03.07"]
[WhiteClock "0:00:04"]
[BlackClock "0:01:15"]

1. d4 Nf6 2. c4 e6 3. Nf3 b6 4. a3 Bb7 5. Nc3 d5 6. Qc2 Be7 7. Bf4 a6 8. cxd5 exd5 9. b4 O-O 10. e3 Nbd7 11. Bd3 c5 12. bxc5 bxc5 13. Rb1 Bc6 14. Ne5 Nxe5 15. dxe5 c4 16. Bf5 Ne4 17. Nxe4 dxe4 18. O-O Qd3 19. Rfc1 Bd5 20. Qc3 Bxa3 21. Rc2 Rab8 0-1


[Site "https://www.chess.com"]

[Event "Titled Tuesday Blitz March 07 Early 2023"]
[White "Iskusnyh, Sergei"]
[Black "Fabris, Alberto"]
[WhiteFideId "4120027"]
[BlackFideId "801348"]
[WhiteElo "2492"]
[BlackElo "2144"]
[Result "1-0"]
[Round "06"]
[TimeControl "180+2"]
[Date "2023.03.07"]
[WhiteClock "0:00:20"]
[BlackClock "0:00:46"]

1. d4 Nf6 2. c4 e6 3. g3 d5 4. Bg2 Bb4+ 5. Nd2 O-O 6. Nf3 b6 7. O-O Bb7 8. b3 a5 9. Bb2 Be7 10. a3 Nbd7 11. Qc2 c5 12. cxd5 exd5 13. Rad1 a4 14. bxa4 c4 15. Ne5 Qc7 16. Nb1 Bc6 17. Nc3 Ra5 18. Nxc6 Qxc6 19. Rfe1 Rfa8 20. e4 dxe4 21. Nxe4 Rxa4 22. Nxf6+ Qxf6 23. Bxa8 Rxa8 24. Qxc4 Nf8 25. Qb3 Qd6 26. d5 Bg5 27. h4 Bd8 28. Be5 Qc5 29. d6 Rxa3 30. Qd5 Qc2 31. Rd2 Qa4 32. d7 h6 33. Bb2 Ra2 34. Re8 Rxb2 35. Rxb2 Qa1+ 36. Kg2 Qxb2 37. Rxd8 1-0


[Site "https://www.chess.com"]

[Event "Titled Tuesday Blitz March 07 Early 2023"]
[White "Castellanos Villela, Alejandro"]
[Black "Abrosimov, Vladimir"]
[WhiteFideId "3446379"]
[BlackFideId "4166892"]
[WhiteElo "2102"]
[BlackElo "2336"]
[Result "1-0"]
[Round "06"]
[TimeControl "180+2"]
[Date "2023.03.07"]
[WhiteClock "0:01:43"]
[BlackClock "0:01:31"]

1. e4 c5 2. Nc3 d6 3. d4 cxd4 4. Qxd4 Nc6 5. Qd2 Nf6 6. b3 e6 7. Bb2 Be7 8. O-O-O O-O 9. f4 a6 10. Nf3 b5 11. g4 Qb6 12. g5 Ne8 13. h4 b4 14. Na4 Qc7 15. h5 Bd7 16. f5 exf5 17. exf5 Bxf5 18. Bd3 Bxd3 19. Qxd3 Ne5 20. Qe4 Rc8 21. Nxe5 dxe5 22. Bxe5 Bxg5+ 23. Kb1 Qe7 24. h6 g6 25. Qd4 Nc7 26. Bd6 Qe6 27. Qg7# 1-0


[Site "https://www.chess.com"]

[Event "Titled Tuesday Blitz March 07 Early 2023"]
[White "Cella, Glaucio Dalla Cortt"]
[Black "Tsyhanchuk, Stanislav"]
[WhiteFideId "2119455"]
[BlackFideId "13505130"]
[WhiteElo "2011"]
[BlackElo "2173"]
[Result "0-1"]
[Round "06"]
[TimeControl "180+2"]
[Date "2023.03.07"]
[WhiteClock "0:00:18"]
[BlackClock "0:00:08"]

1. e4 c5 2. Nf3 d6 3. c3 Nf6 4. Be2 g6 5. O-O Bg7 6. Re1 O-O 7. Bf1 Nc6 8. h3 e5 9. a3 a5 10. Bb5 Bd7 11. d3 Re8 12. a4 d5 13. exd5 Nxd5 14. Qb3 Be6 15. Ng5 Nf4 16. Nxe6 Rxe6 17. Bxf4 exf4 18. Rxe6 fxe6 19. Qxe6+ Kh8 20. Nd2 Ne5 21. Re1 Nxd3 22. Bxd3 Qxd3 23. Qf7 Qd6 24. Nc4 Qf8 25. Qxb7 Rb8 26. Qe4 h5 27. Qxg6 h4 28. Nd6 Qf6 29. Qxf6 Bxf6 30. Re8+ Rxe8 31. Nxe8 Be5 32. Kf1 Kg8 33. Ke2 Kf7 34. Kf3 Kxe8 35. Kg4 Kf7 36. Kxh4 Ke6 37. Kg4 Kd5 38. g3 fxg3 39. fxg3 Kc4 40. h4 Kb3 41. Kf3 Kxb2 42. g4 Kxc3 43. g5 Kd3 44. h5 c4 45. g6 Bg7 46. Kg4 c3 47. Kg5 c2 48. h6 c1=Q+ 49. Kf5 Qxh6 50. Ke6 Qf4 51. Kd5 Qxa4 52. Ke6 Qe4+ 53. Kf7 Bd4 0-1


[Site "https://www.chess.com"]

[Event "Titled Tuesday Blitz March 07 Early 2023"]
[White "Prieto Aranguren, Alain"]
[Black "Ezat, Mohamed"]
[WhiteFideId "2268906"]
[BlackFideId "10600906"]
[WhiteElo "2209"]
[BlackElo "2386"]
[Result "0-1"]
[Round "06"]
[TimeControl "180+2"]
[Date "2023.03.07"]
[WhiteClock "0:00:21"]
[BlackClock "0:00:14"]

1. e4 e5 2. Bc4 Nf6 3. d3 c6 4. Bb3 d5 5. Nc3 Bb4 6. Bd2 O-O 7. Nf3 Bg4 8. O-O Nbd7 9. exd5 cxd5 10. Nxd5 Bxd2 11. Qxd2 Bxf3 12. gxf3 Nc5 13. Nxf6+ Qxf6 14. Qe3 b6 15. Kh1 Rad8 16. Rg1 Rd4 17. Rg4 Rf4 18. Rag1 g6 19. Rxf4 exf4 20. Qd2 Qxb2 21. Qxf4 Nxb3 22. axb3 Qxc2 23. h4 h5 24. Qf5 Qc6 25. Qxh5 Qf6 26. Qg4 Kg7 27. Kg2 Rh8 28. Rh1 Rh5 29. Kg3 Qd6+ 30. Qf4 Qxd3 31. Re1 Rf5 32. Qe4 Qxb3 33. Qd4+ Rf6 34. Re3 Qb5 35. Re4 Qf5 36. Rf4 Qxf4+ 37. Qxf4 Rxf4 38. Kxf4 a5 39. Ke3 a4 40. Kd4 b5 41. Kc3 Kh6 42. Kb4 Kh5 43. f4 Kxh4 44. f5 gxf5 45. f4 Kg4 0-1


[Site "https://www.chess.com"]

[Event "Titled Tuesday Blitz March 07 Early 2023"]
[White "Blokhin, Sofia"]
[Black "Berkes, Ferenc"]
[WhiteFideId "4508190"]
[BlackFideId "718572"]
[WhiteElo "1994"]
[BlackElo "2664"]
[Result "0-1"]
[Round "06"]
[TimeControl "180+2"]
[Date "2023.03.07"]
[WhiteClock "0:00:15"]
[BlackClock "0:01:22"]

1. d4 Nf6 2. c4 g6 3. Nc3 Bg7 4. e4 d6 5. f3 O-O 6. Be3 c5 7. d5 b5 8. Qd2 bxc4 9. O-O-O Nbd7 10. g4 Ne5 11. h4 h5 12. gxh5 Nxh5 13. f4 Ng4 14. Be2 Nxe3 15. Qxe3 Rb8 16. Bxh5 gxh5 17. f5 Qb6 18. Rh2 Kh7 19. Kb1 Bh6 20. Qf3 Qa5 21. Ka1 Rg8 22. Qxh5 Rxb2 23. Kxb2 Qb4+ 24. Kc2 Bd7 25. Nf3 Ba4+ 26. Nxa4 Qxa4+ 27. Kb1 Qxd1+ 28. Kb2 Rb8+ 29. Ka3 Qd3+ 30. Ka4 Rb4+ 31. Ka5 Qa3# 0-1


[Site "https://www.chess.com"]